 Dungeon Crawl Stone Soup version 0.26.1-11-gd32895ea62 (webtiles) character file.

Game seed: 15399158062330874135

66 seveneves the Covered (level 3, -5/33 HPs)
             Began as a Minotaur Fighter on July 20, 2021.
             Killed by an exploding a dart slug (38 damage)
             ... exploding inner flame
             ... on level 3 of the Dungeon.
             The game lasted 00:05:41 (1600 turns).

seveneves the Covered (Minotaur Fighter)            Turns: 1600, Time: 00:05:44

Health: -5/33      AC:  7    Str: 21    XL:     3   Next: 96%
Magic:  2/2        EV:  7    Int:  5    God:
Gold:   161        SH:  9    Dex:  9    Spells: 2/2 levels left

rFire    . . .     SeeInvis .   a - +1 rapier
rCold    . . .     Faith    .   c - +0 kite shield
rNeg     . . .     Spirit   .   b - +0 scale mail
rPois    .         Reflect  .   (helmet restricted)
rElec    .         Harm     .   (no cloak)
rCorr    .         Rampage  .   (no gloves)
Will     .....                  (no boots)
Stlth    ..........             (no amulet)
HPRegen  0.11/turn              (no ring)
MPRegen  0.08/turn              (no ring)

@: no status effects
A: retaliatory headbutt, horns 2
a: no special abilities


You were on level 3 of the Dungeon.
You visited 1 branch of the dungeon, and saw 3 of its levels.

You collected 161 gold pieces.

Inventory:

Hand Weapons
 a - a +1 rapier (weapon)
 j - a +0 whip
 o - a cursed -3 rapier
Missiles
 k - 3 atropa-tipped darts (quivered)
Armour
 b - a +0 scale mail (worn)
 c - a +0 kite shield (worn)
 m - a +0 plate armour
Scrolls
 f - a scroll of remove curse
 i - 2 scrolls of teleportation
Potions
 d - a potion of might
 e - a potion of attraction {unknown}
 g - a potion of curing {unknown}
 h - 2 potions of flight {unknown}
 l - a potion of mutation {unknown}


   Skills:
 + Level 4.2 Fighting
 + Level 3.1 Short Blades
 + Level 4.3 Armour
 + Level 0.3 Dodging
 + Level 4.1 Shields


You had 2 spell levels left.
You didn't know any spells.
Your spell library was empty.

Dungeon Overview and Level Annotations

Branches:
Dungeon (3/15)

Altars:
Hepliaklqana


Innate Abilities, Weirdness & Mutations

You reflexively headbutt those who attack you in melee.
You have a pair of horns on your head.


Message History

o - a rapier
As you read the scroll labelled YRHAMI FIUNA, it crumbles to dust.
You feel blessed for a moment.
It was a scroll of remove curse.
Unknown command.
As you read the scroll labelled MEICOI POGGU, it crumbles to dust.
The creatures around you are filled with an inner flame!
It was a scroll of immolation.
Found a hunting sling.
The dart slug launches a dart at you.
The slug dart hits you but does no damage.
Found 31 stones and 3 scrolls labelled QUZXASI NIVI.
Found a stone staircase leading down.
You block the dart slug's attack.
You hit the dart slug.
Flame seeps out of the dart slug.
The dart slug is heavily wounded.
The dart slug is engulfed in blazing flames.
The dart slug explodes!
The fiery explosion engulfs you!!!
Ouch! That really hurt!
You die...

..#
#..############
#).............
#.>#.#.......#
#..#.#.......####
#..#.#...........
#............#
#..#.........#
.....#§@....<..#
.......#○§.......#
?..(.#.#.§.....###
.###.#.#..####.# #
#.#..# #... ..#..#
#.### .... ..#
.#..# #.#


There were no monsters in sight!

Vanquished Creatures
  An adder (D:2)
  2 worms (D:2)
  6 dart slugs
  A leopard gecko (D:1)
  A ball python (D:1)
  A giant cockroach (D:1)
  4 goblins
  5 hobgoblins (D:2)
  2 quokkas (D:2)
  8 bats
  4 kobolds
  5 rats
40 creatures vanquished.

Notes
Turn   | Place    | Note
-------+----------+-------------------------------------------
     0 | D:1      | seveneves the Minotaur Fighter began the quest for the Orb.
     0 | D:1      | Reached XP level 1. HP: 19/19 MP: 0/0
    95 | D:1      | Reached XP level 2. HP: 19/27 MP: 1/1
   737 | D:2      | Reached XP level 3. HP: 33/33 MP: 2/2
  1249 | D:2      | Found a hazy altar of Hepliaklqana.
  1600 | D:3      | Killed by an exploding a dart slug... exploding inner flame

Illustrated notes

Levels and vault maps discovered:
D:1:      nzn_arrival_water_spiral, layout_rooms, minmay_misc_feat_diagonals,
          roderic_lattice_a
D:2:      layout_loops_corners, nzn_hepliaklqana_mist_gate
D:3:      layout_basic, zin_statuary, marbit_many_paths,
          nicolae_gozag_seed_capital, lemuel_coloured_pillars_altar

Skill      XL: |  1  2  3 |
---------------+----------+-----
Armour         | 4 |  4.3
Shields        | 4 |  4.1
Fighting       | 4 |  4.2
Short Blades   | 3 |  3.1
Dodging        | |  0.3

Action                   || total
-------------------------++-------
Melee: Rapier            ||    90
       Headbutt          ||    12
  Use: Scroll            ||     5
Armor: Scale mail        ||    37
Dodge: Dodged            ||    23
Block: Kite shield       ||    45
